 Dungeon Crawl Stone Soup version 0.27.1-4-g1640c2035a (webtiles) character file.

Game seed: 12339171751999760311

577 pkoi the Chucker (level 7, -6/62 HPs)
             Began as a Troll Hunter on Nov 8, 2021.
             Was an Initiate of Dithmenos.
             Mangled by a gnoll sergeant (8 damage)
             ... on level 4 of the Dungeon.
             The game lasted 00:05:24 (2971 turns).

pkoi the Chucker (Troll Hunter)                     Turns: 2971, Time: 00:05:24

Health: -6/62      AC:  4    Str: 23    XL:     7   Next: 13%
Magic:  6/6        EV:  9    Int:  7    God:    Dithmenos [......]
Gold:   142        SH:  0    Dex: 10    Spells: 6/6 levels left

rFire    . . .     SeeInvis .     - Unarmed
rCold    . . .     Faith    .   (no shield)
rNeg     . . .     Spirit   .   b - +0 robe
rPois    .         Reflect  .   (helmet restricted)
rElec    .         Harm     .   (no cloak)
rCorr    .         Rampage  .   (gloves unavailable)
Will     .....                  (boots unavailable)
Stlth    +.........             (no amulet)
HPRegen  1.20/turn              (no ring)
MPRegen  0.10/turn              (no ring)

@: no status effects
A: large, unfitting armour, claws 3, regeneration 1, shaggy fur 1, tough skin 1
a: Renounce Religion


You were on level 4 of the Dungeon.
You worshipped Dithmenos.
Dithmenos was noncommittal.
You visited 2 branches of the dungeon, and saw 5 of its levels.

You collected 192 gold pieces.
You spent 50 gold pieces at shops.

Inventory:

Hand Weapons
 a - a +0 short sword
Missiles
 c - 4 large rocks (quivered)
 d - 3 throwing nets
 e - 6 curare-tipped darts
Armour
 b - a +0 robe (worn)
Jewellery
 k - an amulet of magic regeneration
Scrolls
 g - a scroll of teleportation
 h - 2 scrolls of identify
 i - a scroll of magic mapping
 n - a scroll of enchant armour {unknown}
Potions
 f - a potion of heal wounds
 j - 2 potions of brilliance {unknown}
 l - 2 potions of haste
 m - 4 potions of curing
 o - 2 potions of ambrosia {unknown}
 p - a potion of degeneration {unknown}


   Skills:
 - Level 1.5 Fighting
 + Level 6.1 Throwing
 - Level 1.5 Dodging
 - Level 0.3 Stealth
 + Level 5.2 Unarmed Combat


You had 6 spell levels left.
You didn't know any spells.
Your spell library contained the following spells:

 Spells                   Type           Power      Damage    Failure   Level
 Corpse Rot               Necr/Air       N/A        N/A       56%         2
 Dispel Undead            Necr           0%         3d6       99%         4
 Death Channel            Necr           0%         N/A       100%        6


Dungeon Overview and Level Annotations

Branches:
Dungeon (4/15)             Temple (1/1) D:4

Altars:
Ashenzari
Cheibriados
Dithmenos
Fedhas
Hepliaklqana
Kikubaaqudgha
Makhleb
Nemelex Xobeh
Okawaru
Qazlal
Ru
Sif Muna
Trog
Uskayaw
Vehumet
Wu Jian
Xom
Zin
The Shining One

Shops:
D:3 [*((

Annotations:
D:3 2 transporters


Innate Abilities, Weirdness & Mutations

You are too large for most types of armour.
You have claws for hands.
Your natural rate of healing is unusually fast.
You are covered in fur. (AC +1)
You have tough skin. (AC +1)


Message History

The gnoll sergeant misses you. The gnoll hits you but does no damage.
You see here a +0 whip.
You closely miss the gnoll sergeant.
The gnoll sergeant is moderately wounded.
The gnoll sergeant hits you with a +0 trident!
* * * LOW HITPOINT WARNING * * *
The gnoll hits you but does no damage.
You claw the gnoll sergeant!
The gnoll sergeant is heavily wounded.
The gnoll sergeant closely misses you.
The gnoll hits you from afar with a +0 spear.
* * * LOW HITPOINT WARNING * * *
The gnoll sergeant blocks your attack.
The gnoll sergeant is heavily wounded.
The gnoll sergeant hits you with a +0 trident.
* * * LOW HITPOINT WARNING * * *
The gnoll hits you from afar with a +0 spear.
* * * LOW HITPOINT WARNING * * *
You barely miss the gnoll sergeant.
The gnoll sergeant is heavily wounded.
The gnoll sergeant barely misses you.
The gnoll hits you from afar with a +0 spear.
* * * LOW HITPOINT WARNING * * *
Unknown command.
Throw: 5 large rocks
Press: ? - help, Q - select action, (/) - cycle Shift-Dir - straight line, f - gnoll sergeant
Aim: a gnoll sergeant, wielding a +0 trident, wearing a +0 ring mail and wearing a +0 buckler (heavily wounded, 67% to hit)
You throw a large rock.
The large rock barely misses the gnoll sergeant.
The large rock hits the gnoll.
The gnoll is lightly wounded.
The gnoll sergeant hits you with a +0 trident!
* * * LOW HITPOINT WARNING * * *
The gnoll hits you from afar with a +0 spear.
* * * LOW HITPOINT WARNING * * *
The gnoll sergeant barely misses you.
The gnoll sergeant hits you from afar with a +0 trident.
* * * LOW HITPOINT WARNING * * *
The gnoll sergeant hits you from afar with a +0 trident!
You die...

.# #.†...# #≈#*≈≈≈**≈*
.###.....#####≈######*≈*
..............≈≈#.!.#≈≈*
.............#≈≈#...#≈≈*
......_.......≈≈#.g.#≈≈*
#...........#.≈###g##*≈*
#...........#.≈##≈g≈##≈#
####.....####.≈≈≈≈.≈≈≈≈#
#....)# #...@..#####
##.....# ########
#......# #......#
########


You could see a gnoll sergeant and 2 gnolls.

Vanquished Creatures
  A black bear (D:3)
  3 scorpions
  A howler monkey (D:4)
  3 orc priests
  8 gnolls
  3 adders
  A worm (D:4)
  3 dart slugs (D:1)
  6 orcs
  6 endoplasms
  2 giant cockroaches (D:1)
  4 goblins
  6 hobgoblins (D:1)
  3 quokkas
  6 ball pythons
  5 bats
  3 frilled lizards
  6 kobolds
  6 rats
76 creatures vanquished.

Notes
Turn   | Place    | Note
-------+----------+-------------------------------------------
     0 | D:1      | pkoi the Troll Hunter began the quest for the Orb.
     0 | D:1      | Reached XP level 1. HP: 19/19 MP: 0/0
    15 | D:1      | Noticed a merfolk zombie
    57 | D:1      | Reached skill level 1 in Unarmed Combat
    57 | D:1      | Reached XP level 2. HP: 27/27 MP: 1/1
   120 | D:1      | Reached skill level 4 in Throwing
   248 | D:1      | Reached XP level 3. HP: 33/33 MP: 2/2
   306 | D:1      | Found a faded altar of an unknown god.
  1105 | D:2      | Reached XP level 4. HP: 36/41 MP: 3/3
  1203 | D:3      | Found an ornate altar of the Wu Jian Council.
  1203 | D:3      | Found a blossoming altar of Fedhas.
  1205 | D:3      | Found a sacrificial altar of Ru.
  1221 | D:3      | Found a transporter.
  1235 | D:3      | Found Plog's Weapon Shoppe.
  1255 | D:3      | Noticed a scorpion
  1262 | D:3      | Killed a scorpion
  1287 | D:3      | Noticed a black bear
  1290 | D:3      | Killed a black bear
  1291 | D:3      | Reached skill level 5 in Throwing
  1291 | D:3      | Reached XP level 5. HP: 46/48 MP: 4/4
  1321 | D:3      | Found Sichy's Weapon Shoppe.
  1381 | D:3      | Found a shimmering altar of Xom.
  1462 | D:3      | Found Ypegei Yxate's General Store.
  1511 | D:3      | Found a transporter.
  1617 | D:3      | Found Loceyptu's Antique Armour Emporium.
  1817 | D:3      | Found an iron altar of Okawaru.
  2040 | D:3      | HP: 2/48 [poisoned by a scorpion]
  2046 | D:3      | Reached XP level 6. HP: 11/55 MP: 5/5
  2205 | D:3      | Bought a potion of heal wounds for 50 gold pieces
  2409 | D:4      | Reached skill level 6 in Throwing
  2409 | D:4      | Reached skill level 5 in Unarmed Combat
  2409 | D:4      | Reached XP level 7. HP: 62/62 MP: 6/6
  2496 | D:4      | Found a staircase to the Ecumenical Temple.
  2516 | Temple   | Entered the Ecumenical Temple
  2700 | Temple   | Became a worshipper of Dithmenos the Shadowed
  2842 | D:4      | Found a hazy altar of Hepliaklqana.
  2907 | D:4      | Found a snail-covered altar of Cheibriados.
  2968 | D:4      | HP: 2/62 [gnoll (5)]
  2971 | D:4      | Mangled by a gnoll sergeant

Illustrated notes

Levels and vault maps discovered:
D:1:      shiori_arrival_whats_in_store_for_you, layout_loops_cross,
          shapermc_ecumenical_altar_pompeii, minmay_splitting_lines
D:2:      layout_rooms
D:3:      layout_basic, mainiacjoe_overflow_alcove_4,
          mainiacjoe_overflow_alcove_2, gammafunk_temple_overflow_arena,
          serial_shops, shop, shop, nicolae_square_shop, nicolae_lakefront_shop,
          minmay_misc_feat_rows
D:4:      layout_rooms, worldfamousw_hep_ancestral_shrine, slow_altar_1,
          minmay_temple_entry_crystal_x, lightli_minifort
Temple:   minmay_temple_bridge_abc

Skill      XL: |  1  2  3  4  5  6 |
---------------+-------------------+-----
Unarmed Combat | 1 2 3 4 5 |  5.2
Throwing       | 4 5 6 |  6.1
Fighting       | |  1.5
Dodging        | |  1.5
Stealth        | |  0.3

Action                   |  1- 3 |  4- 6 |  7- 9 || total
-------------------------+-------+-------+-------++-------
Melee: Unarmed           |    93 |    73 |    22 ||   188
       Punch             |       |       |     1 ||     1
Throw: Large rock        |       |     1 |     1 ||     2
  Use: Scroll            |       |     6 |       ||     6
       Potion            |       |     1 |       ||     1
Armor: Robe              |    39 |    21 |     4 ||    64
Dodge: Dodged            |    25 |    35 |    17 ||    77
